MLB
CLEVELAND INDIANS @ BOSTON RED SOX
08/21/2018
 
TOP OF THE 1ST
Cleveland Indians batting - Pitching for Boston Red Sox : RHP Dan Straily
Pitching: RHP Dan Straily
Batting: LHB Jacoby Ellsbury 0-0: Swinging Strike
0-1: Ball
1-1: Ball
2-1: Called Strike
2-2: Strikes out swinging
Batting: LHB Matt Carpenter 0-0: Foul Ball, location: 2F
0-1: Ball
1-1: Foul Ball, location: 2F
1-2: Ball
2-2: Ball
3-2: SINGLE (Flyball, 9LS)
Batting: SHB Jose Ramirez 0-0: Ball
1-0: Ball
2-0: Swinging Strike
2-1: Ball
3-1: 2-RUN HOME RUN (Flyball, 9LD), Distance : 353 ft
Batting: LHB Eric Hosmer 0-0: Reached on error, E4 (Groundball, 4)
Batting: LHB Matt Joyce 0-0: Called Strike
0-1: Ball
Wild Pitch!
Eric Hosmer to third
1-1: Foul Ball, location: 2F
1-2: Strikes out swinging
Batting: RHB Steven Souza Jr. 0-0: Called Strike
0-1: Foul Ball, location: 2F
0-2: Ball
1-2: Strikes out looking
Top of the 1st over - 2 runs, 2 hits, 1 error, 1 left on base; Cleveland 2 - Boston 0
BOTTOM OF THE 1ST
Boston Red Sox batting - Pitching for Cleveland Indians : RHP Trevor Oaks
Pitching: RHP Trevor Oaks
Batting: RHB Cesar Puello 0-0: Foul Ball, location: 2F
0-1: Called Strike
0-2: Ball
1-2: Strikes out looking
Batting: RHB Eduardo Nunez 0-0: Ball
1-0: Called Strike
1-1: Ball
2-1: Ground out 6-3 (Groundball, 6)
Batting: RHB Yasiel Puig 0-0: Ball
1-0: Called Strike
1-1: Ball
2-1: Ball
3-1: Swinging Strike
3-2: SOLO HOME RUN (Line Drive, 8RXD), Distance : 424 ft
Batting: LHB Matt Adams 0-0: Called Strike
0-1: Ball
1-1: Ball
2-1: Ball
3-1: SINGLE (Line Drive, 3D)
Batting: SHB Yangervis Solarte 0-0: Ball
1-0: Fly out, F8 (Flyball, 89S)
Bottom of the 1st over - 1 run, 2 hits, 0 errors, 1 left on base; Cleveland 2 - Boston 1
TOP OF THE 2ND
Cleveland Indians batting - Pitching for Boston Red Sox : RHP Dan Straily
Batting: LHB Christian Yelich 0-0: Ball
1-0: Called Strike
1-1: Ball
2-1: DOUBLE (Line Drive, 78XD)
Batting: LHB Brian McCann 0-0: Foul Ball, location: 2F
0-1: Ball
1-1: Ball
2-1: Foul Ball, location: 2F
2-2: Foul Ball, location: 2F
2-2: Hit by Pitch
Batting: RHB Marcus Semien 0-0: Foul Ball, location: 2F
0-1: SINGLE (Groundball, 6MD)
Christian Yelich to third
Brian McCann to second
Runner from 3rd tries for Home, SAFE, throw by CF to home
Batting: LHB Jacoby Ellsbury 0-0: Ball
1-0: Foul Ball, location: 2F
1-1: Ball
Wild Pitch!
Brian McCann to third
Marcus Semien to second
2-1: Ground out 6-3 (Groundball, 6M)
Brian McCann scores
Marcus Semien to third
Batting: LHB Matt Carpenter 0-0: Ball
1-0: Ball
2-0: Ball
3-0: Base on Balls
Batting: SHB Jose Ramirez 0-0: Ball
1-0: Called Strike
1-1: Fly out, F7 (Flyball, 7LM)
Runner from 3rd tags up, SCORES, no throw by LF
Batting: LHB Eric Hosmer 0-0: Called Strike
0-1: Ball
1-1: Foul Ball, location: 2F
1-2: Strikes out looking
Top of the 2nd over - 3 runs, 2 hits, 0 errors, 1 left on base; Cleveland 5 - Boston 1
BOTTOM OF THE 2ND
Boston Red Sox batting - Pitching for Cleveland Indians : RHP Trevor Oaks
Batting: RHB Travis d'Arnaud 0-0: Ball
1-0: Called Strike
1-1: Swinging Strike
1-2: Foul Ball, location: 2F
1-2: Ball
2-2: Strikes out swinging, 2-3 out at first.
Batting: LHB Jackie Bradley Jr. 0-0: Ball
1-0: Ground out 5-3 (Groundball, 5L)
Batting: LHB Brock Holt 0-0: Ball
1-0: Swinging Strike
1-1: Foul Ball, location: 2F
1-2: Foul Ball, location: 2F
1-2: Foul Ball, location: 2F
1-2: SINGLE (Line Drive, 56D)
Batting: LHB Daniel Descalso 0-0: Ball
1-0: Foul Ball, location: 2F
1-1: DOUBLE (Line Drive, 5D)
Brock Holt to third
Runner from 3rd tries for Home, SAFE, throw by LF to home
Batting: RHB Cesar Puello 0-0: Ball
1-0: Ground out 6-3 (Groundball, 6)
Bottom of the 2nd over - 1 run, 2 hits, 0 errors, 1 left on base; Cleveland 5 - Boston 2
TOP OF THE 3RD
Cleveland Indians batting - Pitching for Boston Red Sox : RHP Dan Straily
Batting: LHB Matt Joyce 0-0: Ball
1-0: SINGLE (Line Drive, 8LS)
Batting: RHB Steven Souza Jr. 0-0: Swinging Strike
0-1: Foul Ball, location: 2F
0-2: Foul Ball, location: 2F
0-2: Ball
1-2: Foul Ball, location: 2F
1-2: Foul Ball, location: 2F
1-2: Strikes out swinging
Batting: LHB Christian Yelich 0-0: Ball
1-0: Ball
2-0: Ball
3-0: Base on Balls
Matt Joyce to second
Batting: LHB Brian McCann 0-0: Called Strike
0-1: Ball
1-1: Swinging Strike
1-2: Ball
2-2: Strikes out swinging
Batting: RHB Marcus Semien 0-0: Called Strike
0-1: Ball
1-1: Swinging Strike
1-2: Ball
2-2: Ball
3-2: SINGLE (Groundball, 34D)
Matt Joyce to third
Christian Yelich to second
Matt Joyce scores
Christian Yelich to third
Batting: LHB Jacoby Ellsbury 0-0: Ball
1-0: Ball
2-0: Called Strike
2-1: Ball
3-1: Swinging Strike
3-2: Fly out, F7 (Line Drive, 7)
Top of the 3rd over - 1 run, 2 hits, 0 errors, 2 left on base; Cleveland 6 - Boston 2
BOTTOM OF THE 3RD
Boston Red Sox batting - Pitching for Cleveland Indians : RHP Trevor Oaks
Batting: RHB Eduardo Nunez 0-0: Swinging Strike
0-1: Ball
1-1: Ball
2-1: Foul Ball, location: 2F
2-2: Fly out, F8 (Flyball, 78D)
Batting: RHB Yasiel Puig 0-0: Foul Ball, location: 2F
0-1: SINGLE (Groundball, 6MD)
Batting: LHB Matt Adams 0-0: Called Strike
0-1: Foul Ball, location: 2F
0-2: Ball
Pickoff Throw by Catcher to First - Error! E2
Yasiel Puig to second
1-2: SINGLE (Line Drive, 7S)
Yasiel Puig to third
Batting: SHB Yangervis Solarte 0-0: Ball
1-0: Fly out, F7 (Flyball, 78M)
Runner from 3rd tags up, SCORES, no throw by LF
Batting: RHB Travis d'Arnaud 0-0: Ball
1-0: Called Strike
1-1: 2-RUN HOME RUN (Flyball, 89XD), Distance : 436 ft
Batting: LHB Jackie Bradley Jr. 0-0: Fly out, F8 (Flyball, 8LM)
Bottom of the 3rd over - 3 runs, 3 hits, 1 error, 0 left on base; Cleveland 6 - Boston 5
TOP OF THE 4TH
Cleveland Indians batting - Pitching for Boston Red Sox : RHP Dan Straily
Batting: LHB Matt Carpenter 0-0: Ball
1-0: Ball
2-0: Ball
3-0: Base on Balls
Pitching: RHP Alec Mills
Batting: SHB Jose Ramirez 0-0: Called Strike
0-1: Foul Ball, location: 2F
0-2: Strikes out swinging
Batting: LHB Eric Hosmer 0-0: Foul Ball, location: 2F
0-1: Foul Ball, location: 2F
0-2: Ball
1-2: DOUBLE (Groundball, 3L)
Matt Carpenter to third
Batting: LHB Matt Joyce 0-0: Ball
1-0: Foul Ball, location: 2F
1-1: Foul Ball, location: 2F
1-2: Fly out, F6 (Popup, 4M)
Batting: RHB Steven Souza Jr. 0-0: Called Strike
0-1: Called Strike
0-2: Ball
1-2: Ball
2-2: Ball
3-2: Base on Balls
Batting: LHB Christian Yelich 0-0: Called Strike
0-1: Ball
1-1: Ball
2-1: Ball
3-1: Base on Balls
Matt Carpenter scores
Eric Hosmer to third
Steven Souza Jr. to second
Batting: LHB Brian McCann 0-0: Called Strike
0-1: Called Strike
0-2: Ball
1-2: SINGLE (Groundball, 4D)
Eric Hosmer scores
Steven Souza Jr. to third
Christian Yelich to second
Runner from 3rd tries for Home, SAFE, no throw by CF
Batting: RHB Marcus Semien 0-0: Ball
1-0: Fly out, F6 (Flyball, 5D)
Top of the 4th over - 3 runs, 2 hits, 0 errors, 2 left on base; Cleveland 9 - Boston 5
BOTTOM OF THE 4TH
Boston Red Sox batting - Pitching for Cleveland Indians : RHP Trevor Oaks
Batting: LHB Brock Holt 0-0: Called Strike
0-1: DOUBLE (Line Drive, 9LD)
Batting: LHB Daniel Descalso 0-0: Fly out, F7 (Flyball, 7S)
Batting: RHB Cesar Puello 0-0: Ball
1-0: DOUBLE (Line Drive, 7LM)
Brock Holt scores
Pitching: RHP Domingo German
Batting: RHB Eduardo Nunez 0-0: Ball
1-0: Swinging Strike
1-1: SINGLE (Groundball, 6D)
Cesar Puello to third
Runner from 3rd tries for Home, SAFE, no throw by CF
Batting: RHB Yasiel Puig 0-0: Ball
1-0: Called Strike
1-1: Ball
2-1: Ball
3-1: Fly out, F7 (Flyball, 7LM)
Batting: LHB Matt Adams 0-0: Ball
Eduardo Nunez is caught stealing 2nd base 2-5
Bottom of the 4th over - 2 runs, 3 hits, 0 errors, 0 left on base; Cleveland 9 - Boston 7
TOP OF THE 5TH
Cleveland Indians batting - Pitching for Boston Red Sox : RHP Alec Mills
Batting: LHB Jacoby Ellsbury 0-0: Ball
1-0: Ball
2-0: Called Strike
2-1: Foul Ball, location: 2F
2-2: Foul Ball, location: 2F
2-2: Foul Ball, location: 2F
2-2: Ball
3-2: Base on Balls
Batting: LHB Matt Carpenter 0-0: Swinging Strike
0-1: Ball
1-1: Called Strike
1-2: Ball
Jacoby Ellsbury steals 2nd base
2-2: Strikes out swinging
Pitching: RHP Oliver Drake
Batting: SHB Jose Ramirez 0-0: Called Strike
Jacoby Ellsbury steals 3rd base
0-1: Ball
1-1: SINGLE (Flyball, 7S)
Jacoby Ellsbury scores
Batting: LHB Eric Hosmer 0-0: Called Strike
Jose Ramirez steals 2nd base
0-1: Called Strike
0-2: Foul Ball, location: 2F
0-2: Fly out, F8 (Line Drive, 8RM)
Batting: LHB Matt Joyce 0-0: Ball
1-0: Swinging Strike
1-1: Ball
2-1: Foul Ball, location: 2F
2-2: Ground out 4-3 (Groundball, 4)
Top of the 5th over - 1 run, 1 hit, 0 errors, 1 left on base; Cleveland 10 - Boston 7
BOTTOM OF THE 5TH
Boston Red Sox batting - Pitching for Cleveland Indians : RHP Domingo German
Batting: LHB Matt Adams 0-0: Called Strike
0-1: Foul Ball, location: 2F
0-2: Strikes out looking
Batting: SHB Yangervis Solarte 0-0: Called Strike
0-1: Fly out, F3 (Popup, 3)
Batting: RHB Travis d'Arnaud 0-0: Swinging Strike
0-1: Ball
1-1: Foul Ball, location: 2F
1-2: Foul Ball, location: 2F
1-2: Ball
2-2: Foul Ball, location: 2F
2-2: Fly out, F8 (Line Drive, 8LM)
Bottom of the 5th over - 0 runs, 0 hits, 0 errors, 0 left on base; Cleveland 10 - Boston 7
TOP OF THE 6TH
Cleveland Indians batting - Pitching for Boston Red Sox : RHP Oliver Drake
Batting: RHB Steven Souza Jr. 0-0: Fly out, F8 (Flyball, 8RS)
Batting: LHB Christian Yelich 0-0: Called Strike
0-1: Ball
1-1: Foul Ball, location: 2F
1-2: Ball
2-2: Strikes out swinging
Batting: LHB Brian McCann 0-0: Ball
1-0: Swinging Strike
1-1: Ball
2-1: Ball
3-1: Called Strike
3-2: Ground out 1-3 (Groundball, 13)
Top of the 6th over - 0 runs, 0 hits, 0 errors, 0 left on base; Cleveland 10 - Boston 7
BOTTOM OF THE 6TH
Boston Red Sox batting - Pitching for Cleveland Indians : RHP Domingo German
Batting: LHB Jackie Bradley Jr. 0-0: Ball
1-0: Ball
2-0: Ball
3-0: Base on Balls
Batting: LHB Brock Holt 0-0: Grounds into double play, 4-6-3 (Groundball, 4)
Batting: LHB Daniel Descalso 0-0: Ball
1-0: Ball
2-0: Ball
3-0: Called Strike
3-1: Swinging Strike
3-2: Foul Ball, location: 2F
3-2: Foul Ball, location: 2F
3-2: Base on Balls
Pitching: RHP Simon Castro
Batting: RHB Cesar Puello 0-0: Called Strike
0-1: Called Strike
0-2: Strikes out swinging
Bottom of the 6th over - 0 runs, 0 hits, 0 errors, 1 left on base; Cleveland 10 - Boston 7
TOP OF THE 7TH
Cleveland Indians batting - Pitching for Boston Red Sox : RHP Oliver Drake
Pitching: RHP Liam Hendriks
Batting: RHB Marcus Semien 0-0: Foul Ball, location: 2F
0-1: Foul Ball, location: 2F
0-2: Ball
1-2: SINGLE (Groundball, 6MD)
Batting: LHB Jacoby Ellsbury 0-0: Sac Bunt to 13S - play at second, runner OUT! 1-6
Batting: LHB Matt Carpenter 0-0: Hit by Pitch
Jacoby Ellsbury to second
Batting: SHB Jose Ramirez 0-0: Called Strike
0-1: Ball
1-1: Swinging Strike
1-2: Ground out 4-3 (Groundball, 4S)
Jacoby Ellsbury to third
Matt Carpenter to second
Batting: LHB Eric Hosmer 0-0: Ball
1-0: Ball
2-0: Ball
3-0: Base on Balls
Batting: LHB Matt Joyce 0-0: Ball
1-0: Foul Ball, location: 2F
1-1: Foul Ball, location: 2F
1-2: Ball
2-2: Ball
3-2: Fly out, F9 (Flyball, 9S)
Top of the 7th over - 0 runs, 1 hit, 0 errors, 3 left on base; Cleveland 10 - Boston 7
BOTTOM OF THE 7TH
Boston Red Sox batting - Pitching for Cleveland Indians : RHP Simon Castro
Batting: RHB Eduardo Nunez 0-0: Swinging Strike
0-1: Called Strike
0-2: Strikes out swinging
Batting: RHB Yasiel Puig 0-0: Ball
1-0: Fly out, F7 (Flyball, 7LS)
Batting: LHB Matt Adams 0-0: Foul Ball, location: 2F
0-1: Fly out, F7 (Line Drive, 7)
Bottom of the 7th over - 0 runs, 0 hits, 0 errors, 0 left on base; Cleveland 10 - Boston 7
TOP OF THE 8TH
Cleveland Indians batting - Pitching for Boston Red Sox : RHP Liam Hendriks
Pitching: LHP Ryan Buchter
Batting: RHB Steven Souza Jr. 0-0: Ground out 1-3 (Groundball, 13)
Batting: LHB Christian Yelich 0-0: Called Strike
0-1: Foul Ball, location: 2F
0-2: Ball
1-2: Strikes out swinging
Batting: LHB Brian McCann 0-0: Called Strike
0-1: SINGLE (Groundball, 4D)
Batting: RHB Marcus Semien 0-0: Ball
1-0: Foul Ball, location: 2F
1-1: Called Strike
1-2: Fly out, F8 (Flyball, 8LD)
Top of the 8th over - 0 runs, 1 hit, 0 errors, 1 left on base; Cleveland 10 - Boston 7
BOTTOM OF THE 8TH
Boston Red Sox batting - Pitching for Cleveland Indians : RHP Simon Castro
Batting: SHB Yangervis Solarte 0-0: Fly out, F8 (Flyball, 8LD)
Batting: RHB Travis d'Arnaud 0-0: SINGLE (Flyball, 89M)
Batting: LHB Jackie Bradley Jr. 0-0: Ball
1-0: 2-RUN HOME RUN (Flyball, 9D), Distance : 390 ft
Pitching: RHP Hector Rondon
Batting: LHB Brock Holt 0-0: Ball
1-0: Ball
2-0: Called Strike
2-1: Swinging Strike
2-2: TRIPLE (Line Drive, 89XD)
Batting: LHB Daniel Descalso 0-0: Ball
1-0: Swinging Strike
1-1: Called Strike
1-2: Ball
2-2: Strikes out swinging
Batting: RHB Cesar Puello 0-0: Ground out 6-3 (Groundball, 6)
Bottom of the 8th over - 2 runs, 3 hits, 0 errors, 1 left on base; Cleveland 10 - Boston 9
TOP OF THE 9TH
Cleveland Indians batting - Pitching for Boston Red Sox : LHP Ryan Buchter
Pitching: RHP Edwin Diaz
Batting: LHB Jacoby Ellsbury 0-0: Ground out 5-3 (Groundball, 6S)
Batting: LHB Matt Carpenter 0-0: Fly out, F7 (Flyball, 78S)
Batting: SHB Jose Ramirez 0-0: Called Strike
0-1: Foul Ball, location: 2F
0-2: Ball
1-2: Ball
2-2: Foul Ball, location: 2F
2-2: Ball
3-2: Strikes out swinging
Top of the 9th over - 0 runs, 0 hits, 0 errors, 0 left on base; Cleveland 10 - Boston 9
BOTTOM OF THE 9TH
Boston Red Sox batting - Pitching for Cleveland Indians : RHP Hector Rondon
Pitching: LHP Brett Cecil
Now in RF: Lane Adams
Batting: RHB Eduardo Nunez 0-0: Ground out 6-3 (Groundball, 6)
Batting: RHB Yasiel Puig 0-0: Foul Ball, location: 2F
0-1: Ball
1-1: Ball
2-1: Ground out 5-3 (Groundball, 5L)
Batting: LHB Matt Adams 0-0: Foul Ball, location: 2F
0-1: Ball
1-1: Ball
2-1: Foul Ball, location: 2F
2-2: Strikes out looking
Bottom of the 9th over - 0 runs, 0 hits, 0 errors, 0 left on base; Cleveland 10 - Boston 9
Tuesday, October 30th, 2018 - OOTP Baseball 19.8 Build 79